 Dungeon Crawl Stone Soup version 0.31-a0-1549-g5ff9445e89 (webtiles) character file.

Game seed: 6683974633555186236

60 dialectric the Ducker (level 3, -1/18 HPs)
             Began as a Felid Shapeshifter on Jan 2, 2024.
             Was a Follower of the Shining One.
             Killed by divine providence
             ... invoked by an orc priest
              (12 damage)
             ... on level 3 of the Dungeon.
             The game lasted 00:01:48 (1741 turns).

dialectric the Ducker (Felid Shapeshifter)          Turns: 1741, Time: 00:01:49

Health: -1/18      AC:  1    Str: 10    XL:     3   Next: 82%
Magic:  4/4        EV: 19    Int: 13    God:    the Shining One [*.....]
Gold:   186        SH:  0    Dex: 23    Spells: 2/2 levels left
                                        Lives:  0   Deaths: 1

rFire   . .          .
                       - Unarmed
rCold   . . .        (shield unavailable)
rNeg    . . .        (body armour unavailable)
rPois   .            (helmet unavailable)
rElec   .            (cloak unavailable)
rCorr   .            (gloves unavailable)
SInv    +            (boots unavailable)
Will    .....        (no amulet)
Stlth   +            o - +6 ring of dexterity
HPRegen 0.23/turn    (no ring)
MPRegen 0.09/turn

%: no passive effects
@: beast-form, glowing
A: beast (slay +1), very small, claws 1, fangs 3, see invisible, shaggy fur 1,
stealthy paws, no weapons or thrown items, no armour, multi-lived
a: Begin Untransformation, Renounce Religion, Divine Shield


You were on level 3 of the Dungeon.
You worshipped the Shining One.
The Shining One was aware of your devotion.
You were a hulking beast.
You visited 1 branch of the dungeon, and saw 3 of its levels.

You collected 256 gold pieces.
You spent 70 gold pieces at shops.

Inventory:

Jewellery
 o - a +6 ring of dexterity (left paw)
Talismans
 b - a beast talisman
 c - a flux talisman
Scrolls
 f - a scroll of poison {unknown}
 j - a scroll of identify {unknown}
 m - 2 scrolls of teleportation {unknown}
 n - a scroll of enchant armour {unknown}
 q - a scroll of noise {unknown}
Potions
 a - 5 potions of lignification
 d - 2 potions of mutation {unknown}
 e - 2 potions of degeneration {unknown}
 g - a potion of heal wounds
 h - a potion of berserk rage {unknown}
 i - a potion of attraction {unknown}
 k - a potion of ambrosia {unknown}
 l - 2 potions of enlightenment {unknown}
 p - a potion of magic {unknown}


   Skills:
 + Level 2.0 Fighting
 + Level 3.6 Dodging
 + Level 3.5 Unarmed Combat
 + Level 3.0 Shapeshifting


You had 2 spell levels left.
You didn't know any spells.
Your spell library contained the following spells:

 Spells                   Type           Power      Damage    Failure   Level
 Freeze                   Ice            0%         1d3       30%         1
 Dazzling Flash           Conj/Hex       0%         N/A       67%         3
 Frozen Ramparts          Ice            0%         1d1       67%         3
 Hailstorm                Conj/Ice       0%         3d5       67%         3
 Volatile Blastmotes      Fire/Tloc      0%         2d10      67%         3
 Starburst                Conj/Fire      0%         6d3       100%        6
 Maxwell's Capacitive Co  Air            0%         ∞         100%        8


Dungeon Overview and Level Annotations

Branches:
Dungeon (3/15)

Altars:
The Shining One

Shops:
D:1 =[!

Annotations:
D:1 2 transporters


Innate Abilities, Weirdness & Mutations

You are a hulking beast.
Your limbs bulge with bestial killing power. (Slay +1)
You have sharp claws.
You have razor-sharp teeth.
You have supernaturally acute eyesight. (SInv)
You are covered in fur. (AC +1)
Your paws help you pounce on unaware monsters.
You are incapable of wielding weapons or throwing items.
You cannot wear armour.
You gain extra lives every three experience levels.


Message History

You see here a +0 dagger.
The orc attacks as it pursues you! The orc hits you with a +0 morningstar!
Ouch! That really hurt!
You die...
Your shape twists and changes as you die.
You rejoin the land of the living...
Unknown command.
An orc is nearby!
There are monsters nearby!
There are monsters nearby!
You claw the orc!
You kill the orc!
An orc is nearby!
You see here a +0 morningstar.
You scratch the orc.
The orc is severely wounded.
The orc hits you with a +0 falchion.
You barely miss the orc.
The orc is severely wounded.
You claw the orc!
You kill the orc!
Your Fighting skill increases to level 2!
You barely miss the orc.
The orc is severely wounded.
The orc misses you.
You barely miss the orc. You bite the orc.
You kill the orc!
You barely miss the orc. You bite the orc, but do no damage.
You scratch the orc priest.
The orc priest is moderately wounded.
The orc barely misses you. The orc priest closely misses you.
You barely miss the orc priest.
The orc priest is moderately wounded.
The orc misses you.
The orc priest hits you with a +0 hand axe of distortion.
You blink.
The orc priest invokes the aid of Beogh against you.
Beogh smites you!
Ouch! That really hurt!
You die...

####'#### #......# ######
#......# #....# ##### #......#
########....###...# #......#
.......'......'...# #......#
########....###...# #......##
#....#.....# ####.#...
#....#.#.h.# #.#... #....#.#...#
#.#..^
#############.#...##########.#...
................o............+...
#####.........#)##############...
### #.#######.)o.....# #### ..#
#.#.....#.#)####.# #..
#.###.#..#.##.#.####.# #..
#.....#..#.##.#..<##.# #..


You could see an orc priest and an orc.

Vanquished Creatures
  An adder (D:2)
  A ribbon worm (D:3)
  3 orcs (D:3)
  6 endoplasms
  4 giant cockroaches
  3 goblins
  4 hobgoblins
  2 quokkas
  5 ball pythons
  5 bats
  3 frilled lizards
  3 kobolds
  3 rats
43 creatures vanquished.

Notes
Turn   | Place    | Note
-------+----------+-------------------------------------------
     0 | D:1      | dialectric the Felid Shapeshifter began the quest for the
                  | Orb.
     0 | D:1      | Reached XP level 1. HP: 10/10 MP: 2/2
     4 | D:1      | Found Qureoremu's Antique Armour Boutique.
    68 | D:1      | Found a faded altar of an unknown god.
    77 | D:1      | Reached XP level 2. HP: 14/14 MP: 3/3
   192 | D:1      | Found Zithrued's Distillery.
   198 | D:1      | Bought a potion of heal wounds for 70 gold pieces
   272 | D:1      | Prayed at the altar of an unknown god.
   272 | D:1      | Became a worshipper of the Shining One
   272 | D:1      | Reached * piety under the Shining One
   309 | D:1      | Found a transporter.
   309 | D:1      | Found Duocis's Jewellery Shoppe.
   330 | D:1      | Found a transporter.
   706 | D:2      | Identified the +2 robe of Noto {+Inv Slay+3}
   763 | D:2      | Reached XP level 3. HP: 16/18 MP: 4/4
  1715 | D:3      | Slain by an orc
  1715 | D:3      | Lost a life (0 lives remaining)
  1741 | D:3      | Killed from afar by an orc priest

Illustrated notes

Levels and vault maps discovered:
D:1:      ebering_hopf_link, layout_loops_ring, serial_shops,
          nicolae_shop_drivethru, shop, nicolae_shop_industrial_runoff,
          shapermc_ecumenical_altar_starsandcircs
D:2:      layout_loops_ring, kennysheep_generic_room_3
D:3:      layout_basic

Skill      XL: |  1  2  3 |
---------------+----------+-----
Dodging        | 3 |  3.6
Shapeshifting  | 3 |  3.0
Fighting       | 2 |  2.0
Unarmed Combat | |  3.5

Action                     || total
---------------------------++-------
  Melee: Unarmed           ||    75
         Bite              ||    11
         Punch             ||     1
   Stab: Sleeping          ||     1
 Armour: Skin              ||    18
  Dodge: Dodged            ||    62

Table legend: (Time is in decaauts)
 A = Elapsed time spent in this place.
 B = Non-inter-level travel time spent in this place.
 C = Inter-level travel time spent in this place.
 D = Time resting spent in this place.
 E = Time spent auto-exploring this place.
 F = Levels seen in this place.
 G = Mean time per level.
                   A        B        C        D        E       F      G
               +--------+--------+--------+--------+--------+-----+--------+
         Total |   1739 |   1699 |     40 |      0 |   1413 |   3 |  579.7 |
       Dungeon |   1739 |   1699 |     40 |      0 |   1413 |   3 |  579.7 |
               +--------+--------+--------+--------+--------+-----+--------+

Top non-repeatable levels by time:
     D:1: 657 daAuts
     D:2: 624 daAuts
     D:3: 457 daAuts
